 Dungeon Crawl Stone Soup version 0.20.0-10-g0535bb4 (webtiles) character file.

102 SedStubbie the Skirmisher (level 4, -2/36 HPs)
             Began as a Demonspawn Gladiator on June 3, 2017.
             Slain by a sky beast (3 damage)
             ... on level 5 of the Dungeon.
             The game lasted 00:04:21 (2053 turns).

SedStubbie the Skirmisher (Demonspawn Gladiator)    Turns: 2053, Time: 00:04:22

Health: -2/36      AC:  8    Str: 15    XL:     4   Next: 49%
Magic:  4/4        EV: 10    Int: 10    God:
Gold:   136        SH:  0    Dex: 17    Spells: 3/3 levels left

rFire    . . .     SeeInvis +   a - +0 long sword
rCold    . . .     Gourm    .   (no shield)
rNeg     . . .     Faith    .   W - +0 scale mail
rPois    .         Spirit   .   Q - +1 helmet {SInv}
rElec    .         Reflect  .   (no cloak)
rCorr    .         Harm     .   (no gloves)
MR       .....                  (no boots)
Stlth    ..........             (no amulet)
Regen    0.2/turn               X - +3 ring of dexterity
MPRegen  0.1/turn               (no ring)

@: very slow
A: talons 2, rot immunity
a: no special abilities


You were on level 5 of the Dungeon.
You were hungry.

You visited 1 branch of the dungeon, and saw 5 of its levels.

You collected 136 gold pieces.

Inventory:

Hand Weapons
 a - a +0 long sword (weapon)
Missiles
 L - 57 stones
 Z - 3 throwing nets (quivered)
Armour
 c - a +0 helmet
 Q - a +1 helmet of see invisible (worn)
 W - a +0 scale mail (worn)
 Y - a +0 shield
Jewellery
 X - a +3 ring of dexterity (left hand)
Scrolls
 M - a scroll of fog {unknown}
 O - 2 scrolls of remove curse {unknown}
 S - 8 scrolls of identify {unknown}
 T - a scroll of recharging {unknown}
 V - a scroll of fear {unknown}
Potions
 N - a potion of brilliance
Comestibles
 f - 2 bread rations


   Skills:
 + Level 3.6 Fighting
 - Level 2.6 Long Blades
 - Level 1.7 Throwing
 + Level 2.5 Armour
 - Level 2.6 Dodging


You had 3 spell levels left.
You didn't know any spells.

Dungeon Overview and Level Annotations

Branches:
Dungeon (5/15)
 Temple: D:4-7

Altars:

Annotations:
D:3 mopl's ghost, amateur CeHu


Innate Abilities, Weirdness & Mutations

You have razor-sharp toenails.
You are immune to rotting.


Message History

The sky beast closely misses you.
The rain has left you waist-deep in water!
Splash!
You fall into the shallow water.
Moving in this stuff is going to be slow.
Your unstable footing causes you to fumble your attack.
The sky beast hits you but does no damage.
You hit the sky beast.
The sky beast is lightly wounded.
The sky beast closely misses you. The sky beast hits you.
* * * LOW HITPOINT WARNING * * *
The sky beast shocks you.
* * * LOW HITPOINT WARNING * * *
Okay, then.
As you read the scroll labeled UXZYPN QEZYDE, it crumbles to dust.
It is a scroll of enchant armour.
Your +0 helmet of see invisible glows green for a moment.
The sky beast flickers out of sight for a moment.
The sky beast hits you.
You die...

#.........#
###.##.###
####.#≈##
#####.....##
#........##
#..##.####
#.# #.#####
#..≈Y@#
#######


You could see a sky beast (invisible).

Vanquished Creatures
  4 adders (D:2)
  An ooze (D:2)
  2 worms
  3 dart slugs
  A leopard gecko (D:1)
  4 bats
  8 goblins
  5 hobgoblins
  2 jackals (D:1)
  4 kobolds (D:2)
  A quokka (D:2)
  6 frilled lizards
  8 rats
49 creatures vanquished.

Notes
Turn   | Place    | Note
-------+----------+-------------------------------------------
     0 | D:1      | SedStubbie the Demonspawn Gladiator began the quest for the Orb.
     0 | D:1      | Reached XP level 1. HP: 16/16 MP: 1/1
     2 | D:1      | Noticed a vine stalker
     2 | D:1      | Noticed a ghoul
     4 | D:1      | Noticed a formicid
     4 | D:1      | Noticed a merfolk
     6 | D:1      | Noticed a demigod
     6 | D:1      | Noticed a vampire
     8 | D:1      | Noticed an elf
     8 | D:1      | Noticed a spriggan
    10 | D:1      | Noticed a centaur
    10 | D:1      | Noticed a naga
    12 | D:1      | Noticed a troll
    14 | D:1      | Noticed an ogre
    14 | D:1      | Noticed a demonspawn
    16 | D:1      | Noticed a minotaur
    18 | D:1      | Noticed a dwarf
    20 | D:1      | Noticed a halfling
    20 | D:1      | Noticed an octopode
    22 | D:1      | Noticed a felid
    22 | D:1      | Noticed a tengu
    24 | D:1      | Noticed a gargoyle
    26 | D:1      | Noticed a human
    26 | D:1      | Noticed a draconian
   199 | D:1      | Reached skill level 1 in Armour
   199 | D:1      | Gained mutation: You have sharp toenails. [demonic ancestry]
   199 | D:1      | Reached XP level 2. HP: 20/23 MP: 2/2
   873 | D:2      | Gained mutation: You are immune to rotting. [demonic ancestry]
   873 | D:2      | Reached XP level 3. HP: 28/28 MP: 3/3
   982 | D:2      | Reached skill level 3 in Fighting
  1307 | D:2      | Gained mutation: You have razor-sharp toenails. [demonic ancestry]
  1307 | D:2      | Reached XP level 4. HP: 20/35 MP: 4/4
  1996 | D:3      | Noticed mopl's ghost (amateur CeHu)
  2027 | D:5      | Entered Level 5 of the Dungeon
  2027 | D:5      | Noticed a sky beast
  2052 | D:5      | HP: 1/36 [sky beast (6)]
  2053 | D:5      | Slain by a sky beast

Skill      XL: |  1  2  3 |
---------------+----------+-----
Armour         | 1 2 |  2.5
Fighting       | 3 |  3.6
Long Blades    | |  2.6
Throwing       | |  1.7
Dodging        | |  2.6

Action                   |  1- 3 |  4- 6 || total
-------------------------+-------+-------++-------
Melee: Long sword        |    99 |    52 ||   151
       Kick              |    26 |    15 ||    41
  Use: Scroll            |       |     2 ||     2
       Potion            |       |     2 ||     2
  Eat: Chunk             |     1 |     2 ||     3
Armor: Leather armour    |     4 |       ||     4
       Scale mail        |    26 |    20 ||    46
Dodge: Dodged            |    64 |    31 ||    95
       Rpst.: Long sword |    24 |     3 ||    27
